 Dungeon Crawl Stone Soup version 0.17-a0-719-g32c6a46 (webtiles) character file.

712 Ngotmuk the Shield-Bearer (level 7, -5/66 HPs)
             Began as a Deep Dwarf Fighter on Apr 20, 2015.
             Was an Initiate of Ru.
             Slain by Edmund
             ... wielding a +0 dire flail
              (9 damage)
             ... on level 5 of the Dungeon.
             The game lasted 00:15:34 (3473 turns).

Ngotmuk the Shield-Bearer (Deep Dwarf Fighter)      Turns: 3473, Time: 00:15:34

Health: -5/66      AC:  8    Str: 22    XL:     7   Next: 41%
Magic:  7/7        EV:  7    Int:  8    God:    Ru [......]
Gold:   220        SH: 11    Dex: 12    Spells: 0 memorised, 6 levels left

rFire  + . .     SeeInvis .     a - +0 flail
rCold  . . .     Clarity  .     b - +0 scale mail
rNeg   . . .     SustAb   .     c - +1 shield
rPois  .         Gourm    .     n - +0 helmet
rElec  .         Spirit   .     (no cloak)
rCorr  .         Warding  .     (no gloves)
rMut   .         Stasis   .     (no boots)
MR     +....                    (no amulet)
Stlth  ..........               (no ring)
                                p - ring of protection from fire

@: non-regenerating, somewhat resistant to hostile enchantments, extremely
unstealthy
A: damage resistance, recharge devices, sense surroundings 1, slow healing 3
a: Device Recharging, Renounce Religion


You were on level 5 of the Dungeon.
You worshipped Ru.
Ru was noncommittal.
You were not hungry.

You visited 2 branches of the dungeon, and saw 6 of its levels.

You collected 220 gold pieces.

Inventory:

Hand weapons
 a - a +0 flail (weapon)
Armour
 b - a +0 scale mail (worn)
 c - a +1 shield (worn)
 n - a +0 helmet (worn)
Jewellery
 p - a ring of protection from fire (left hand)
Magical devices
 d - a wand of heal wounds (0)
 k - a wand of frost (29)
 l - a wand of confusion (30)
Scrolls
 g - a scroll of identify {unknown}
 i - a scroll of immolation {unknown}
 j - a scroll of magic mapping {unknown}
 o - 2 scrolls of blinking {unknown}
 q - a scroll of teleportation
 r - 2 scrolls of remove curse
Potions
 e - 3 potions of might
 m - 2 potions of magic {unknown}
 s - a potion of curing {unknown}
 t - 2 potions of poison {unknown}
 u - 3 potions of restore abilities {unknown}
 w - a potion of cure mutation {unknown}
Comestibles
 f - a bread ration
 h - 2 fruits
 v - a meat ration


   Skills:
 + Level 4.6 Fighting
 + Level 4.6 Maces & Flails
 + Level 5.2 Armour
 + Level 5.5 Shields


You had 6 spell levels left.
You didn't know any spells.

Dungeon Overview and Level Annotations

Branches:
Dungeon (5/15)             Temple (1/1) D:5

Altars:
Ashenzari
Cheibriados
Dithmenos
Elyvilon
Fedhas
Gozag
Makhleb
Nemelex Xobeh
Okawaru
Qazlal
Ru
Sif Muna
Vehumet
Xom
Yredelemnul

Shops:
D:4 *?

Annotations:
D:5 Edmund


Innate Abilities, Weirdness & Mutations

You are resistant to damage.
You can recharge devices by infusing magical energy.
You passively map a small area around you.
You do not heal naturally.


Message History

Edmund hits you with a dire flail.
* * * LOW HITPOINT WARNING * * *
You hit Edmund but do no damage.
Edmund is heavily wounded.
You block Edmund's attack.
You hit Edmund.
Edmund is heavily wounded.
You block Edmund's attack.
You hit Edmund.
Edmund is heavily wounded.
You block Edmund's attack.
You closely miss Edmund.
Edmund is heavily wounded.
You block Edmund's attack.
You sock Edmund!
Edmund is severely wounded.
Edmund hits you with a dire flail!
* * * LOW HITPOINT WARNING * * *
Edmund hits you with a dire flail!
You die...

..##..###..## #..#....#.. , ##
*#..# ##.......# , *
#.#####....##...# *
..........## #..# *
..........## .. *
..#####...#####..
....#####......... * #####
,.................. * ....#
........@@##..... , 8.8.#
#...######..####.. , .⌠..#
....# ###.......... >.8.#
....#####..<##........ ,
.⌠..###............#*##.......
8.8..#............####.......
.........##..##....#.......#
##.#÷....# # ##..5.........# *
#......## #.#......#.....# ,,


You could see Edmund.

Vanquished Creatures
  Duvessa (D:4)
  A sky beast (D:5)
  Dowan (D:4)
  A scorpion (D:5)
  A crimson imp (D:5)
  A jelly (D:5)
  A hound (D:4)
  An orc wizard (D:5)
  Robin (D:2)
  15 adders
  3 oozes
  4 worms (D:3)
  5 giant geckos
  16 orcs
  A ball python (D:3)
  A bat skeleton (D:4)
  15 goblins
  16 hobgoblins
  7 jackals
  A ball python skeleton (D:5)
  10 bats
  8 giant cockroaches
  5 giant newts
  8 kobolds
  12 rats
136 creatures vanquished.

Notes
Turn   | Place    | Note
--------------------------------------------------------------
     0 | D:1      | Ngotmuk, the Deep Dwarf Fighter, began the quest for the Orb.
     0 | D:1      | Reached XP level 1. HP: 20/20 MP: 1/1
   115 | D:1      | Reached XP level 2. HP: 24/27 MP: 2/2
   449 | D:2      | Reached XP level 3. HP: 14/34 MP: 3/3
   698 | D:2      | Reached skill level 4 in Shields
   841 | D:2      | Reached XP level 4. HP: 32/42 MP: 4/4
   878 | D:2      | Found a white marble altar of Elyvilon.
  1070 | D:2      | Noticed Robin
  1135 | D:2      | Killed Robin
  1156 | D:2      | Found a shimmering altar of Xom.
  1157 | D:2      | Found a shimmering altar of Xom.
  1159 | D:2      | Found a shimmering altar of Xom.
  1159 | D:2      | Found a shimmering altar of Xom.
  1160 | D:2      | Found a shimmering altar of Xom.
  1454 | D:3      | Reached XP level 5. HP: 38/49 MP: 5/5
  2145 | D:4      | Found Umacw's Elemental Accessories.
  2260 | D:4      | Noticed Dowan
  2261 | D:4      | Noticed Duvessa
  2288 | D:4      | Killed Duvessa
  2288 | D:4      | Reached skill level 5 in Shields
  2288 | D:4      | Reached XP level 6. HP: 11/57 MP: 6/6
  2307 | D:4      | Killed Dowan
  2456 | D:4      | Found Fecraito's Magic Scroll Shoppe.
  2675 | D:5      | Entered Level 5 of the Dungeon
  2807 | D:5      | Reached XP level 7. HP: 13/66 MP: 7/7
  2815 | D:5      | Reached skill level 5 in Armour
  2953 | D:5      | Found a staircase to the Ecumenical Temple.
  2975 | Temple   | Entered the Ecumenical Temple
  3145 | Temple   | Became a worshipper of Ru the Awakened
  3239 | D:5      | Found a sparkling altar of Nemelex Xobeh.
  3456 | D:5      | Noticed Edmund
  3473 | D:5      | Slain by Edmund

Action                   |  1- 3 |  4- 6 |  7- 9 || total
-------------------------+-------+-------+-------++-------
Melee: Flail             |   118 |   322 |   110 ||   550
Evoke: Wand              |     1 |     4 |     2 ||     7
  Use: Scroll            |       |     3 |     4 ||     7
  Eat: Meat ration       |       |     1 |       ||     1
       Pizza             |       |     1 |       ||     1
       Beef jerky        |       |     1 |       ||     1
       Bread ration      |       |       |     1 ||     1
